 Dungeon Crawl Stone Soup version 0.30-a0-134-gb40fab5c76 (webtiles) character file.

Game seed: 14924177666653308994

9 IdlyInterested the Grasshopper (level 2, 0/21 HPs)
             Began as a Demonspawn Wanderer on Sept 19, 2022.
             Slain by a hobgoblin (1 damage)
             ... on level 1 of the Dungeon.
             The game lasted 00:01:02 (211 turns).

IdlyInterested the Grasshopper (Demonspawn Wanderer) Turns: 211, Time: 00:01:03

Health: 0/21       AC:  2    Str:  9    XL:     2   Next: 3%
Magic:  5/5        EV: 11    Int: 14    God:
Gold:   31         SH:  4    Dex: 14    Spells: 5/5 levels left

rFire   . . .      SeeInvis .    a - +0 dagger
rCold   . . .      Faith    .    d - +0 buckler
rNeg    . . .      Spirit   .    c - +0 robe
rPois   .          Reflect  .    (helmet restricted)
rElec   .          Harm     .    (no cloak)
rCorr   .          Rampage  .    (no gloves)
Will    .....                    (no boots)
Stlth   +.........               (no amulet)
HPRegen 0.07/turn                (no ring)
MPRegen 0.09/turn                (no ring)

@: attractive
A: horns 1
a: no special abilities


You were on level 1 of the Dungeon.
You visited 1 branch of the dungeon, and saw 1 of its levels.

You collected 31 gold pieces.

Inventory:

Hand Weapons
 a - a +0 dagger (weapon)
Armour
 c - a +0 robe (worn)
 d - a +0 buckler (worn)
Scrolls
 b - a scroll of butterflies
 f - 2 scrolls of enchant armour {unknown}


   Skills:
 * Level 1.3 Fighting
 - Level 1.0 Dodging
 - Level 1.7 Shields
 - Level 2.0 Spellcasting
 + Level 2.9 Translocations
 - Level 1.0 Air Magic
 - Level 1.2 Invocations


You had 5 spell levels left.
You didn't know any spells.
Your spell library contained the following spells:

 Spells                   Type           Power      Damage    Failure   Level
 Apportation              Tloc           18%        N/A       10%         1
 Blink                    Tloc           18%        N/A       14%         2
 Shock                    Conj/Air       8%         1d3       26%         1
 Lesser Beckoning         Tloc           9%         N/A       28%         3
 Mephitic Cloud           Conj/Pois/Air  2%         N/A       63%         3


Dungeon Overview and Level Annotations

Branches:
Dungeon (1/15)

Altars:


Innate Abilities, Weirdness & Mutations

You have a pair of small horns on your head.


Message History

The quokka is almost dead.
The quokka bites you.
You hit the quokka but do no damage.
The quokka is almost dead.
The quokka bites you.
You barely miss the quokka.
The quokka is almost dead.
The quokka bites you.
You hit the quokka.
You kill the quokka!
A giant cockroach comes into view.
The ball python closely misses you. You block the ball python's attack.
You hit the ball python.
The ball python is heavily wounded.
The ball python bites you but does no damage.
The ball python grabs you. The ball python constricts you.
You closely miss the ball python.
The ball python is heavily wounded.
You block the ball python's attack. The ball python constricts you.
You closely miss the ball python.
The ball python is heavily wounded.
The ball python barely misses you. The ball python constricts you.
The ball python bites you but does no damage.
The ball python constricts you.
You hit the ball python.
The ball python is severely wounded.
The ball python bites you.
* * * LOW HITPOINT WARNING * * *
The ball python constricts you.
It was a potion of attraction.
You feel attractive to monsters. You block the ball python's attack.
The ball python constricts you.
* * * LOW HITPOINT WARNING * * *
You hit the ball python.
You kill the ball python!
You have reached level 2!
Your demonic ancestry asserts itself...
A pair of horns grows on your head!
You hit the hobgoblin but do no damage. The hobgoblin hits you.
You die...

#########
#.......#
#.#...#.#
#.......####
...........#######
#..#.##.##.......#
#.)####.########.#
........# #@#
##.###### #g# ...#
#B####### ...#
#........ ##.#
#..#.###. ##.#
#..# .. ##.# #..#
#.# ##.# #... #
##.#### #..#$


You could see a giant cockroach and a hobgoblin.

Vanquished Creatures
  A ball python (D:1)
  An endoplasm (D:1)
  A goblin (D:1)
  A quokka (D:1)
  2 frilled lizards (D:1)
  3 rats (D:1)
9 creatures vanquished.

Notes
Turn   | Place    | Note
-------+----------+-------------------------------------------
     0 | D:1      | IdlyInterested the Demonspawn Wanderer began the quest for
                  | the Orb.
     0 | D:1      | IdlyInterested set off with the following items: a +0
                  | dagger, a scroll of butterflies, a +0 robe, a +0 buckler;
                  | and the following spells available to memorise:
                  | Apportation, Blink, Shock, Lesser Beckoning, Mephitic
                  | Cloud.
     0 | D:1      | Reached XP level 1. HP: 13/13 MP: 3/3
   155 | D:1      | Reached skill level 1 in Fighting
   211 | D:1      | Gained mutation: You have a pair of small horns on your
                  | head. [demonic ancestry]
   211 | D:1      | Reached XP level 2. HP: 1/21 MP: 5/5
   211 | D:1      | Slain by a hobgoblin

Illustrated notes

Levels and vault maps discovered:
D:1:      tarquinn_simple_flora_water_f, layout_loops_cross,
          chequers_ecumenical_altar_simple, amcnicky_mini_rare_corridor_liquid,
          minmay_tromino_mix6

Skill      XL: |  1 |
---------------+----+-----
Fighting       | 1 |  1.3
Dodging        | |  1.0
Shields        | |  1.7
Spellcasting   | |  2.0
Translocations | |  2.9
Air Magic      | |  1.0
Invocations    | |  1.2

Action                   || total
-------------------------++-------
Melee: Dagger            ||    30
  Use: Potion            ||     1
 Stab: Sleeping          ||     3
Armor: Robe              ||     4
Dodge: Dodged            ||    16
Block: Buckler           ||     9

Table legend: (Time is in decaauts)
 A = Elapsed time spent in this place.
 B = Non-inter-level travel time spent in this place.
 C = Inter-level travel time spent in this place.
 D = Time resting spent in this place.
 E = Time spent auto-exploring this place.
 F = Levels seen in this place.
 G = Mean time per level.
                   A        B        C        D        E       F      G
               +--------+--------+--------+--------+--------+-----+--------+
         Total |    212 |    212 |      0 |      0 |    132 |   1 |  212.0 |
       Dungeon |    212 |    212 |      0 |      0 |    132 |   1 |  212.0 |
               +--------+--------+--------+--------+--------+-----+--------+

Top non-repeatable levels by time:
     D:1: 212 daAuts
